 Dungeon Crawl Stone Soup version 0.23.1 (webtiles) character file.

Game seed: 10207641636839908072

1727 Borgoz the Sneak (level 9, -2/62 HPs)
             Began as a Ghoul Enchanter on Mar 4, 2019.
             Killed by divine providence
             ... invoked by an orc priest
              (14 damage)
             ... on level 8 of the Dungeon.
             The game lasted 00:18:41 (6105 turns).

Borgoz the Sneak (Ghoul Enchanter)                  Turns: 6105, Time: 00:18:41

Health: -2/62      AC:  8    Str: 12      XL:     9   Next: 5%
Magic:  4/10       EV: 12    Int: 11      God:
Gold:   239        SH:  0    Dex:  6 (11) Spells: 5/11 levels left

rFire    . . .     SeeInvis .   x - +0 rapier
rCold    + . .     Gourm    .   (no shield)
rNeg     + + +     Faith    .   i - +1 leather armour
rPois    ∞         Spirit   .   (no helmet)
rElec    .         Reflect  .   (no cloak)
rCorr    .         Harm     .   j - +0 pair of gloves
MR       .....                  r - +2 pair of boots
Stlth    +++.......             (no amulet)
HPRegen  0.00/turn              (no ring)
MPRegen  0.12/turn              (no ring)

@: very slightly contaminated, rotting
A: rotting body, claws 1, carnivore, cold resistance 1, negative energy
resistance 3, inhibited regeneration, torment resistance, unbreathing
a: no special abilities


You were on level 8 of the Dungeon.
You were not hungry.

You visited 2 branches of the dungeon, and saw 10 of its levels.
You also visited: Ossuary.

You collected 239 gold pieces.

Inventory:

Hand Weapons
 a - a +0 mace of holy wrath
 m - a +9 club
 x - a +0 rapier (weapon)
Missiles
 f - 6 tomahawks (quivered)
 g - 16 poisoned needles
 y - 7 poisoned tomahawks
Armour
 i - a +1 leather armour (worn)
 j - a +0 pair of gloves (worn)
 p - a +1 ring mail of fire resistance
 r - a +2 pair of boots (worn)
Wands
 c - a wand of flame (11)
 e - a wand of iceblast (10)
 n - a wand of enslavement (8)
Scrolls
 s - a scroll of teleportation
 t - 2 scrolls of remove curse
 v - a scroll of fog
Potions
 b - a potion of flight {unknown}
 h - a potion of ambrosia {unknown}
 l - a potion of invisibility
 o - 2 potions of magic
 u - a potion of heal wounds
 w - a potion of haste {unknown}
Comestibles
 d - 8 rations
 k - 5 chunks of flesh


   Skills:
 * Level 7.3 Short Blades
 + Level 5.3 Dodging
 + Level 7.4 Stealth
 - Level 1.7 Spellcasting
 - Level 2.4 Hexes


You had 5 spell levels left.
You knew the following spells:

 Your Spells              Type           Power        Failure   Level  Hunger
a - Corona                Hex            #......      14%         1    ##.....
b - Ensorcelled Hibernat  Hex/Ice        #.....       34%         2    ###....
c - Confuse               Hex            #.......     38%         3    ####...

Your spell library contained the following spells:

 Spells                   Type           Power        Failure   Level  Hunger
 Tukima's Dance           Hex            #.......     38%         3    ####...
 Dazzling Spray           Conj/Hex       #.....       56%         3    ####...


Dungeon Overview and Level Annotations

Branches:
Dungeon (10/15)            Temple (1/1) D:7
   Lair: D:8-11         Orc: D:9-12

Altars:
Cheibriados
Dithmenos
Elyvilon
Fedhas
Hepliaklqana
Kikubaaqudgha
Makhleb
Nemelex Xobeh
Okawaru
Ru
Sif Muna
Trog
Uskayaw
Vehumet
Wu Jian
Yredelemnul
The Shining One

Shops:
D:8 [

Annotations:
D:10 Grum


Innate Abilities, Weirdness & Mutations

Your body is rotting away.
You thrive on raw meat.
You are immune to poison.
You have sharp fingernails.
You are carnivorous and can eat meat at any time.
Your flesh is cold resistant. (rC+)
You are immune to negative energy. (rN+++)
You do not regenerate when monsters are visible.
You are immune to unholy pain and torment.
You can survive without breathing.


Message History

You closely miss something.
The orc priest invokes the aid of Beogh against you.
Beogh smites you! Something hits you but does no damage.
You closely miss something.
The orc priest calls upon Beogh to heal the orc.
The orc is healed somewhat.
You barely miss something. Something hits you but does no damage.
You hit something but do no damage.
You hear some strange, mumbled words.
A magic dart appears from out of thin air!
The magic dart hits you.
* * * LOW HITPOINT WARNING * * *
You miss something. Something hits you.
* * * LOW HITPOINT WARNING * * *
You barely miss something. Something hits you.
* * * LOW HITPOINT WARNING * * *
You miss something.
The orc priest mumbles some strange prayers to Beogh against you.
Beogh smites you!
You die...

..... #o#.# #.#
#.#.# #.# #.#.#.#
## #.#
####.#.#.#### ..#
#.# ...?........#
... #.#
............# ..
#.#
#####......o###.#
#.# #..>...o{@..#
#.# #......o###.#
#.# #.......# #
#.# #.......#
####.###.#
#.......#
#.........
#.......#
#.##.###.#
#.......#
#.##.###.#
#..######
#.##.....# #..#
#.#.# #.##.....#


You could see an orc priest and 2 orcs.

Vanquished Creatures
  A spriggan (D:7)
  A black bear (D:9)
  An orc warrior (D:9)
  A wolf (D:9)
  2 bullfrogs (D:7)
  6 water moccasin zombies
  2 scorpions (D:4)
  A howler monkey (D:9)
  A crimson imp (D:8)
  A quasit (D:8)
  3 hounds
  An orc priest (D:4)
  A bullfrog skeleton (D:7)
  Ijyb (D:3)
  7 orc wizards
  A worker ant (D:8)
  2 big kobold zombies (Ossuary)
  2 mummies (Ossuary)
  A howler monkey skeleton (D:7)
  6 adders
  A gnoll (D:2)
  A shadow imp (D:8)
  3 oozes
  2 adder zombies (Ossuary)
  3 worms
  2 dart slugs
  4 leopard geckos
  14 orcs
  5 giant cockroaches
  3 gnoll zombies (Ossuary)
  8 goblins
  4 hobgoblins
  3 jackals (D:7)
  8 quokkas
  2 ball pythons
  5 bats
  5 frilled lizards
  6 hobgoblin zombies (Ossuary)
  12 kobolds
  6 kobold zombies (Ossuary)
  5 orc zombies (Ossuary)
  8 rats
  A plant (D:1)
153 creatures vanquished.

Vanquished Creatures (others)
  A plant (D:1)
1 creature vanquished.

Grand Total: 154 creatures vanquished

Notes
Turn   | Place    | Note
-------+----------+-------------------------------------------
     0 | D:1      | Borgoz the Ghoul Enchanter began the quest for the Orb.
     0 | D:1      | Reached XP level 1. HP: 14/14 MP: 2/2
     6 | D:1      | Reached skill level 1 in Short Blades
   188 | D:1      | Reached XP level 2. HP: 13/20 MP: 3/3
   269 | D:2      | Learned a level 2 spell: Ensorcelled Hibernation
   498 | D:2      | Reached XP level 3. HP: 15/25 MP: 4/4
  1818 | D:2      | Reached XP level 4. HP: 32/32 MP: 5/5
  2476 | D:3      | Learned a level 3 spell: Confuse
  2798 | D:3      | Reached XP level 5. HP: 24/38 MP: 6/6
  2801 | D:3      | Noticed Ijyb
  2830 | D:3      | Killed Ijyb
  2982 | D:3      | You fall through a shaft!
  3060 | D:4      | Reached XP level 6. HP: 30/45 MP: 0/7
  3197 | D:4      | Found a sand-covered staircase.
  3209 | Ossuary  | Entered an ossuary
  3233 | Ossuary  | Reached skill level 5 in Stealth
  3258 | Ossuary  | Reached XP level 7. HP: 28/50 MP: 8/8
  3919 | Ossuary  | Reached skill level 5 in Short Blades
  4449 | D:3      | Found an iron altar of Okawaru.
  4449 | D:3      | Found a radiant altar of Vehumet.
  5106 | D:4      | You fall through a shaft for 3 floors!
  5108 | D:7      | Noticed a spriggan baker
  5116 | D:7      | Killed a spriggan baker
  5116 | D:7      | Reached XP level 8. HP: 36/57 MP: 4/9
  5160 | D:7      | Found a staircase to the Ecumenical Temple.
  5183 | Temple   | Entered the Ecumenical Temple
  5446 | D:7      | You fall through a shaft for 3 floors!
  5446 | D:10     | Entered Level 10 of the Dungeon
  5447 | D:10     | Noticed Grum
  5780 | D:9      | Reached skill level 5 in Dodging
  5831 | D:9      | Found a shadowy altar of Dithmenos.
  5911 | D:8      | Found Ajagh's Armour Shop.
  5946 | D:8      | Reached XP level 9. HP: 40/62 MP: 8/10
  6105 | D:8      | Killed from afar by an orc priest

Skill      XL: |  1  2  3  4  5  6  7  8 |
---------------+-------------------------+-----
Short Blades   | 1 2 3 4 5 7 |  7.3
Dodging        | 2 3 4 5 |  5.3
Stealth        | 4 5 6 7 |  7.4
Spellcasting   | |  1.7
Hexes          | |  2.4

Action                   |  1- 3 |  4- 6 |  7- 9 || total
-------------------------+-------+-------+-------++-------
Melee: Dagger            |   280 |   171 |    40 ||   491
       Club              |       |    53 |    83 ||   136
       Rapier            |       |       |   259 ||   259
Throw: Tomahawk          |       |       |     4 ||     4
 Cast: Ensorcelled Hiber |     3 |     9 |    30 ||    42
       Corona            |     1 |     2 |       ||     3
Evoke: Wand              |       |       |     4 ||     4
  Use: Scroll            |       |     5 |     8 ||    13
       Potion            |       |     2 |     4 ||     6
 Stab: Sleeping          |     8 |    10 |    26 ||    44
  Eat: Chunk             |    19 |    27 |    22 ||    68
Armor: Robe              |    18 |       |       ||    18
       Leather armour    |       |    37 |   132 ||   169
Dodge: Dodged            |   117 |   130 |   249 ||   496
